 Dungeon Crawl Stone Soup version 0.30-a0-272-gf98c3da03f (webtiles) character file.

Game seed: 339492069088185865

67 Zonian the Magician (level 4, 0/31 HPs)
             Began as a Djinni Ice Elementalist on Oct 15, 2022.
             Slain by a gnoll
             ... wielding a +0 club
              (6 damage)
             ... on level 2 of the Dungeon.
             The game lasted 00:02:45 (2876 turns).

Zonian the Magician (Djinni Ice Elementalist)       Turns: 2876, Time: 00:02:46

Health: 0/31       AC:  2    Str:  7    XL:     4   Next: 38%
Gold:   81         EV: 13    Int: 17    God:
                   SH:  0    Dex: 15

rFire   + + .      SeeInvis .    b - +0 dagger
rCold   x . .      Faith    .    (no shield)
rNeg    . . .      Spirit   .    a - +0 robe
rPois   ∞          Reflect  .    (no helmet)
rElec   .          Harm     .    (no cloak)
rCorr   .          Rampage  .    (no gloves)
Will    +....                    (boots unavailable)
Stlth   ++........               (no amulet)
HPRegen 0.25/turn                e - ring of willpower
MPRegen 0.00/turn                (no ring)

@: flying
A: sickness immunity, fire resistance 2, cold vulnerability 1, float, innate
caster, HP casting, extra vitality 1
a: no special abilities


You were on level 2 of the Dungeon.
You visited 1 branch of the dungeon, and saw 2 of its levels.

You collected 81 gold pieces.

Inventory:

Hand Weapons
 b - a +0 dagger (weapon)
Armour
 a - a +0 robe (worn)
Jewellery
 e - a ring of willpower (left hand)
 f - a +6 ring of intelligence
Scrolls
 c - 2 scrolls of identify {unknown}
 g - a scroll of magic mapping {unknown}
 i - a scroll of fog {unknown}
 j - a scroll of poison {unknown}
 k - a scroll of blinking {unknown}
 l - a scroll of fear {unknown}
Potions
 d - a potion of curing {unknown}
 h - a potion of degeneration {unknown}


   Skills:
 + Level 3.2 Dodging
 + Level 2.5 Stealth
 + Level 3.7 Spellcasting


You couldn't memorise any spells.
You knew the following spells:

 Your Spells              Type           Power      Damage    Failure   Level
a - Freeze                Ice            60%        1d7       3%          1
b - Frozen Ramparts       Ice            30%        1d5       11%         3
c - Ozocubu's Armour      Ice            15%        N/A       11%         3
d - Summon Ice Beast      Ice/Summ       15%        N/A       34%         4
e - Sandblast             Erth           30%        2d9       3%          1
Your spell library was empty.

Dungeon Overview and Level Annotations

Branches:
Dungeon (2/15)

Altars:


Innate Abilities, Weirdness & Mutations

You are immune to sickness and miasma.
You are immune to poison.
Your flesh is very heat resistant. (rF++)
You are vulnerable to cold. (rC-)
You float through the air rather than walking.
You learn spells naturally, not from books.
Your magical power is your life essence.
You have superior vitality. (+4 MHP)


Message History

You freeze the gnoll.
The gnoll is almost dead.
The gnoll closely misses you.
Unknown command.
Casting: Freeze (safe; 3% risk of failure)
Confirm with . or Enter, or press ? or * to list all spells.
Aiming: Freeze (safe; 3% risk of failure)
Press: ? - help, Shift-Dir - straight line, f/p - gnoll
Aim: a gnoll, wielding a +0 halberd (almost dead)
You freeze the gnoll.
You kill the gnoll!
Unknown command.
Casting: Freeze (safe; 3% risk of failure)
Confirm with . or Enter, or press ? or * to list all spells.
Aiming: Freeze (safe; 3% risk of failure)
Press: ? - help, Shift-Dir - straight line, f - gnoll
Aim: a gnoll, wielding a +0 club You freeze the gnoll.
The gnoll is moderately wounded.
The gnoll hits you with a +0 club.
* * * LOW HITPOINT WARNING * * *
Casting: Freeze (safe; 3% risk of failure)
Confirm with . or Enter, or press ? or * to list all spells.
Aiming: Freeze (safe; 3% risk of failure)
Press: ? - help, Shift-Dir - straight line, f/p - gnoll
Aim: a gnoll, wielding a +0 club (moderately wounded)
You freeze the gnoll.
The gnoll is moderately wounded.
* * * LOW HITPOINT WARNING * * *
The gnoll closely misses you.
Casting: Freeze (safe; 3% risk of failure)
Confirm with . or Enter, or press ? or * to list all spells.
Aiming: Freeze (safe; 3% risk of failure)
Press: ? - help, Shift-Dir - straight line, f/p - gnoll
Aim: a gnoll, wielding a +0 club (moderately wounded)
You freeze the gnoll.
The gnoll is heavily wounded.
* * * LOW HITPOINT WARNING * * *
The gnoll hits you with a +0 club.
You die...

#.# ##.#.##
##.##
#.###.#
#...#
##.#.##
#..##
#.#.#.#
#######...#
##.#.##
......#.###
#.###.#
.......#.##
##.#.##
#####.###.#
#.#.#
...#.## ###
##.#@##
##..#####
#.###g#
#......###
##.#.##
#..#.#..[#
#.#.#
#........#
##.#.##
#..#.#.###
#.###.#
##.....#
##.#.##
##..###
#.#.#.#
#..#
#.....#


You could see a gnoll.

Vanquished Creatures
  An adder (D:2)
  A gnoll (D:2)
  4 dart slugs
  2 bats (D:1)
  8 endoplasms
  A giant cockroach (D:1)
  3 goblins
  2 hobgoblins (D:1)
  3 jackals (D:1)
  3 kobolds (D:1)
  A quokka (D:2)
  A ball python (D:1)
  A frilled lizard (D:1)
  6 rats
37 creatures vanquished.

Notes
Turn   | Place    | Note
-------+----------+-------------------------------------------
     0 | D:1      | Zonian the Djinni Ice Elementalist began the quest for the
                  | Orb.
     0 | D:1      | Zonian set off with the following spells memorised: Freeze,
                  | Frozen Ramparts, Ozocubu's Armour, Summon Ice Beast.
     0 | D:1      | Reached XP level 1. HP: 15/15 MP: 0/0
   286 | D:1      | Reached XP level 2. HP: 15/21 MP: 0/0
   589 | D:1      | Reached XP level 3. HP: 17/25 MP: 0/0
   589 | D:1      | Learned a level 1 spell: Sandblast
  1986 | D:2      | Reached XP level 4. HP: 12/31 MP: 0/0
  2876 | D:2      | Slain by a gnoll

Illustrated notes

Levels and vault maps discovered:
D:1:      evilmike_arrival_hilbert_curve, layout_basic, minmay_tetromino_l2
D:2:      layout_loops_ring, dreamdust_ecumenical_altar_hidden_monk_grotto,
          basic_altar, serial_glass, glass_columns_a, glass_columns_b,
          glass_columns_b, glass_columns_b, glass_columns_c, glass_columns_a,
          roderic_roman_lattice, minmay_misc_feat_ornament

Skill      XL: |  1  2  3 |
---------------+----------+-----
Stealth        | 2 |  2.5
Dodging        | 3 |  3.2
Spellcasting   | |  3.7

Action                   |  1- 3 |  4- 6 || total
-------------------------+-------+-------++-------
Melee: Dagger            |    34 |     8 ||    42
       Punch             |     1 |       ||     1
 Cast: Freeze            |    50 |    10 ||    60
 Stab: Sleeping          |     2 |     1 ||     3
Armor: Robe              |    13 |     1 ||    14
Dodge: Dodged            |    56 |    10 ||    66

Table legend: (Time is in decaauts)
 A = Elapsed time spent in this place.
 B = Non-inter-level travel time spent in this place.
 C = Inter-level travel time spent in this place.
 D = Time resting spent in this place.
 E = Time spent auto-exploring this place.
 F = Levels seen in this place.
 G = Mean time per level.
                   A        B        C        D        E       F      G
               +--------+--------+--------+--------+--------+-----+--------+
         Total |   2874 |   2864 |     10 |   1733 |    791 |   2 | 1437.0 |
       Dungeon |   2874 |   2864 |     10 |   1733 |    791 |   2 | 1437.0 |
               +--------+--------+--------+--------+--------+-----+--------+

Top non-repeatable levels by time:
     D:1: 1886 daAuts
     D:2: 988 daAuts
